 Dungeon Crawl Stone Soup version 0.21.1-1-g345015f (webtiles) character file.

1113 tidbits the Grave Robber (level 8, 55/58 HPs)
             Began as a Gnoll Necromancer on June 15, 2018.
             Quit the game on level 4 of the Dungeon.
             The game lasted 00:19:17 (1547 turns).

tidbits the Grave Robber (Gnoll Necromancer)        Turns: 1547, Time: 00:19:18

Health: 55/58      AC: 11    Str: 13    XL:     8   Next: 33%
Magic:  16/16      EV: 16    Int: 19    God:
Gold:   157        SH:  0    Dex: 21    Spells: 2/18 levels left

rFire    . . .     SeeInvis .   e - +0 dagger
rCold    . . .     Gourm    +   (no shield)
rNeg     . . .     Faith    .   B - +3 leather armour of the Storm King {rElec rCorr Str+2}
rPois    .         Spirit   .   E - +1 helmet
rElec    +         Reflect  .   C - +2 cloak
rCorr    +         Harm     .   (no gloves)
MR       .....                  (no boots)
Stlth    +++.......             n - amulet of the gourmand
HPRegen  0.19/turn              g - +5 ring of dexterity
MPRegen  0.15/turn              f - +2 ring of slaying

@: no status effects
A: distributed training, fangs 1, strong nose
a: no special abilities


You were on level 4 of the Dungeon.
You were not hungry.

You visited 1 branch of the dungeon, and saw 7 of its levels.

You collected 157 gold pieces.

Inventory:

Hand Weapons
 d - a +0 flail
 e - a +0 dagger (weapon)
 h - a +0 short sword
 m - a +2 flail of holy wrath
   (You took it off Edmund on level 6 of the Dungeon)
 s - a +0 trident
Missiles
 j - 42 stones (quivered)
 q - 57 arrows
Armour
 a - a +0 robe
 B - the +3 leather armour of the Storm King (worn) {rElec rCorr Str+2}
   (You found it on level 7 of the Dungeon)

   It affects your strength (+2).
   It insulates you from electricity.
   It protects you from acid and corrosion.
 C - a +2 cloak (worn)
 E - a +1 helmet (worn)
Jewellery
 f - a +2 ring of slaying (right hand)
   (You found it on level 6 of the Dungeon)
 g - a +5 ring of dexterity (left hand)
   (You found it on level 1 of the Dungeon)
 k - an uncursed ring of ice
   (You found it on level 5 of the Dungeon)
 n - an amulet of the gourmand (around neck)
   (You found it on level 3 of the Dungeon)
 K - an uncursed ring of resist corrosion
   (You took it off an orc on level 5 of the Dungeon)
Scrolls
 i - 2 scrolls of immolation
 o - 2 scrolls of amnesia
 r - 2 scrolls of fog
Potions
 p - 2 potions of heal wounds {unknown}
 t - a potion of resistance {unknown}
 v - a potion of haste
 w - a potion of curing
Books
 b - a book of Necromancy

   Spells                             Type                      Level
   a - Pain                           Necromancy                   1
   b - Animate Skeleton               Necromancy                   1
   c - Vampiric Draining              Necromancy                   3
   d - Regeneration                   Charms/Necromancy            3
   e - Animate Dead                   Necromancy                   4
   f - Borgnjor's Vile Clutch         Necromancy/Earth             5
 l - a book of Air
   (You found it on level 5 of the Dungeon)

   Spells                             Type                      Level
   a - Shock                          Conjuration/Air              1
   b - Swiftness                      Charms/Air                   2
   c - Static Discharge               Conjuration/Air              3
   d - Airstrike                      Air                          4
   e - Lightning Bolt                 Conjuration/Air              5
 u - a book of Minor Magic
   (You found it on level 7 of the Dungeon)

   Spells                             Type                      Level
   a - Magic Dart                     Conjuration                  1
   b - Blink                          Translocation                2
   c - Call Imp                       Summoning                    2
   d - Slow                           Hexes                        2
   e - Conjure Flame                  Conjuration/Fire             3
   f - Mephitic Cloud                 Conjuration/Poison/Air       3
Comestibles
 c - 9 rations


   Skills:
 + Level 3.1 Fighting
 + Level 3.1 Short Blades
 + Level 3.1 Long Blades
 + Level 3.1 Axes
 + Level 3.1 Maces & Flails
 + Level 3.1 Polearms
 + Level 3.1 Staves
 + Level 3.1 Slings
 + Level 3.1 Bows
 + Level 3.1 Crossbows
 + Level 3.1 Throwing
 + Level 3.1 Armour
 + Level 5.6 Dodging
 + Level 5.2 Stealth
 + Level 3.1 Shields
 + Level 3.1 Unarmed Combat
 + Level 5.9 Spellcasting
 + Level 2.5 Conjurations
 + Level 2.5 Hexes
 + Level 2.5 Charms
 + Level 2.5 Summonings
 + Level 7.6 Necromancy
 + Level 2.5 Translocations
 + Level 2.5 Transmutations
 + Level 2.5 Fire Magic
 + Level 2.5 Ice Magic
 + Level 2.5 Air Magic
 + Level 2.5 Earth Magic
 + Level 2.5 Poison Magic
 + Level 3.4 Invocations
 + Level 3.1 Evocations


You had 2 spell levels left.
You knew the following spells:

 Your Spells              Type           Power        Failure   Level  Hunger
a - Pain                  Necr           ####         1%          1    None
c - Conjure Flame         Conj/Fire      ###.....     16%         3    ##.....
d - Vampiric Draining     Necr           ####......   1%          3    ##.....
n - Animate Skeleton      Necr           N/A          1%          1    None
r - Regeneration          Chrm/Necr      ####......   5%          3    ##.....
v - Borgnjor's Vile Clut  Necr/Erth      ####......   43%         5    #####..


Dungeon Overview and Level Annotations

Branches:
Dungeon (7/15)
 Temple: D:4-7

Altars:
Hepliaklqana
Makhleb
Vehumet
Wu Jian

Annotations:
D:6 Pikel


Innate Abilities, Weirdness & Mutations

Your experience applies equally to all skills.
You have very sharp teeth.
Your uncanny sense of smell can sniff out nearby items.


Message History

You see here a square zirconium amulet.
n - a square zirconium amulet Put on which piece of jewellery? (? for menu, Esc to quit)
You feel a craving for the dungeon's cuisine.
n - an amulet of the gourmand (around neck)
There is a stone staircase leading down here.
Found 19 gold pieces.
There is a stone staircase leading down here.
You climb downwards.
There is a stone staircase leading up here.
Unknown command.
Found a potion of haste.
Found a hunting sling.
You see here a potion of haste.
v - a potion of haste You are feeling very hungry.
An iguana comes into view.
The iguana hisses angrily.
Casting: Pain
Confirm with . or Enter, or press ? or * to list all spells.
Aiming: Pain
Press: ? - help, Shift-Dir - straight line, f - iguana
Aim: an iguana (chance to defeat MR: 89%)
The iguana writhes in agony!
Casting: Pain
Confirm with . or Enter, or press ? or * to list all spells.
Aiming: Pain
Press: ? - help, Shift-Dir - straight line, f/p - iguana
Aim: an iguana (heavily wounded, chance to defeat MR: 89%)
The iguana writhes in agony!
You kill the iguana!
Casting: Pain
Confirm with . or Enter, or press ? or * to list all spells.
You can't see any susceptible monsters within range! (Use Z to cast anyway.) Unknown command.
You see here an iguana corpse.
You butcher the iguana corpse.
You see here 2 chunks of flesh.
Eat one of 2 chunks of flesh? (ye/n/q)
You eat one of the 2 chunks of flesh.
This raw flesh tastes terrible.
Unknown command.
Wield which item (- for none, * to show all)? (? for menu, Esc to quit)
Your +2 flail of holy wrath stops glowing.
e - a +0 dagger (weapon)
The worker ant bites you but does no damage.
The worker ant closely misses you.
Unknown command.
Casting: Pain
Confirm with . or Enter, or press ? or * to list all spells.
Aiming: Pain
Press: ? - help, Shift-Dir - straight line, f - worker ant
Aim: a worker ant (chance to defeat MR: 89%)
The worker ant writhes in agony!
The worker ant bites you.
You are poisoned.
The worker ant poisons you!
Casting: Pain
Confirm with . or Enter, or press ? or * to list all spells.
Aiming: Pain
Press: ? - help, Shift-Dir - straight line, f/p - worker ant
Aim: a worker ant (moderately wounded, chance to defeat MR: 89%)
The worker ant writhes in agony!
You feel sick. The worker ant barely misses you.
Casting: Pain
Confirm with . or Enter, or press ? or * to list all spells.
Aiming: Pain
Press: ? - help, Shift-Dir - straight line, f/p - worker ant
Aim: a worker ant (heavily wounded, chance to defeat MR: 89%)
The worker ant writhes in agony!
The worker ant closely misses you.
Unknown command.
Casting: Pain
Confirm with . or Enter, or press ? or * to list all spells.
Aiming: Pain
Press: ? - help, Shift-Dir - straight line, f/p - worker ant
Aim: a worker ant (heavily wounded, chance to defeat MR: 89%)
The worker ant writhes in agony!
You kill the worker ant!
You feel sick.
Unknown command.
Found a potion of curing.
You feel sick.
You see here a potion of curing.
w - a potion of curing You feel sick.
You feel sick.
You feel sick.
You feel sick.
You are no longer poisoned.
A frilled lizard comes into view.
Found an escape hatch in the floor.
The helpless frilled lizard fails to defend itself.
You spit the frilled lizard like a pig!!!
You kill the frilled lizard!
You open the door.
Unknown command.
There is an open door here.
A worker ant comes into view.
The helpless worker ant fails to defend itself.
You impale the worker ant!!
You kill the worker ant!
Are you sure you want to abandon this character and quit the game? (Confirm with "yes".)

### ####...# ####.@..#
####..#.####.# ######
#............#
#....####.##....######
+.......#'###.###
#....##....##...
#....##....######
#....##....##...#
.........>.##.#.#


There were no monsters in sight!

Vanquished Creatures
  The ghost of tidbits the Magician, an amateur GnWn (D:5)
  Edmund (D:6)
  3 sky beasts (D:5)
  2 phantoms
  A bullfrog (D:6)
  2 howler monkeys
  A hound (D:4)
  An orc priest (D:5)
  An iguana (D:4)
  2 orc wizards
  3 worker ants (D:4)
  5 adders
  An adder zombie (D:6)
  A dart slug (D:1)
  2 leopard geckos
  5 orcs
  2 bats
  A giant cockroach (D:4)
  A goblin (D:1)
  4 hobgoblins
  2 quokkas
  4 frilled lizards
  A leopard gecko skeleton (D:4)
  A quokka skeleton (D:4)
  4 rats
52 creatures vanquished.

Notes
Turn   | Place    | Note
-------+----------+-------------------------------------------
     0 | D:1      | tidbits the Gnoll Necromancer began the quest for the Orb.
     0 | D:1      | Reached XP level 1. HP: 13/13 MP: 6/6
    91 | D:1      | Reached XP level 2. HP: 8/19 MP: 1/7
    94 | D:1      | Learned a level 1 spell: Animate Skeleton
   347 | D:2      | Reached XP level 3. HP: 25/25 MP: 7/9
   352 | D:2      | Learned a level 3 spell: Vampiric Draining
   356 | D:2      | Learned a level 3 spell: Regeneration
   392 | D:2      | Found a radiant altar of Vehumet.
   398 | D:2      | Reached skill level 5 in Spellcasting
   533 | D:5      | Entered Level 5 of the Dungeon
   533 | D:5      | Noticed a sky beast
   542 | D:5      | Killed a sky beast
   542 | D:5      | Reached skill level 1 in Fighting
   542 | D:5      | Reached skill level 1 in Short Blades
   542 | D:5      | Reached skill level 1 in Long Blades
   542 | D:5      | Reached skill level 1 in Axes
   542 | D:5      | Reached skill level 1 in Maces & Flails
   542 | D:5      | Reached skill level 1 in Polearms
   542 | D:5      | Reached skill level 1 in Staves
   542 | D:5      | Reached skill level 1 in Slings
   542 | D:5      | Reached skill level 1 in Bows
   542 | D:5      | Reached skill level 1 in Crossbows
   542 | D:5      | Reached skill level 1 in Throwing
   542 | D:5      | Reached skill level 1 in Armour
   542 | D:5      | Reached skill level 1 in Shields
   542 | D:5      | Reached skill level 1 in Unarmed Combat
   542 | D:5      | Reached skill level 1 in Conjurations
   542 | D:5      | Reached skill level 1 in Hexes
   542 | D:5      | Reached skill level 1 in Charms
   542 | D:5      | Reached skill level 1 in Summonings
   542 | D:5      | Reached skill level 1 in Translocations
   542 | D:5      | Reached skill level 1 in Transmutations
   542 | D:5      | Reached skill level 1 in Fire Magic
   542 | D:5      | Reached skill level 1 in Ice Magic
   542 | D:5      | Reached skill level 1 in Air Magic
   542 | D:5      | Reached skill level 1 in Earth Magic
   542 | D:5      | Reached skill level 1 in Poison Magic
   542 | D:5      | Reached skill level 1 in Invocations
   542 | D:5      | Reached skill level 1 in Evocations
   542 | D:5      | Reached XP level 4. HP: 32/32 MP: 11/11
   542 | D:5      | Reached XP level 5. HP: 37/37 MP: 12/12
   568 | D:5      | Noticed a sky beast
   596 | D:4      | Noticed a phantom
   605 | D:5      | Killed a sky beast
   612 | D:4      | Killed a phantom
   612 | D:4      | Reached skill level 2 in Invocations
   612 | D:4      | Reached XP level 6. HP: 44/44 MP: 14/14
   619 | D:4      | Learned a level 5 spell: Borgnjor's Vile Clutch
   654 | D:4      | Reached skill level 5 in Dodging
   660 | D:4      | Reached skill level 2 in Fighting
   660 | D:4      | Reached skill level 2 in Short Blades
   660 | D:4      | Reached skill level 2 in Long Blades
   660 | D:4      | Reached skill level 2 in Axes
   660 | D:4      | Reached skill level 2 in Maces & Flails
   660 | D:4      | Reached skill level 2 in Polearms
   660 | D:4      | Reached skill level 2 in Staves
   660 | D:4      | Reached skill level 2 in Slings
   660 | D:4      | Reached skill level 2 in Bows
   660 | D:4      | Reached skill level 2 in Crossbows
   660 | D:4      | Reached skill level 2 in Throwing
   660 | D:4      | Reached skill level 2 in Armour
   660 | D:4      | Reached skill level 2 in Shields
   660 | D:4      | Reached skill level 2 in Unarmed Combat
   660 | D:4      | Reached skill level 2 in Evocations
   681 | D:3      | Found an ornate altar of the Wu Jian Council.
   858 | D:5      | Reached XP level 7. HP: 45/50 MP: 15/15
   934 | D:6      | Found a hazy altar of Hepliaklqana.
   939 | D:6      | Noticed Pikel
   940 | D:6      | Reached skill level 2 in Conjurations
   940 | D:6      | Reached skill level 2 in Hexes
   940 | D:6      | Reached skill level 2 in Charms
   940 | D:6      | Reached skill level 2 in Summonings
   940 | D:6      | Reached skill level 2 in Translocations
   940 | D:6      | Reached skill level 2 in Transmutations
   940 | D:6      | Reached skill level 2 in Fire Magic
   940 | D:6      | Reached skill level 2 in Ice Magic
   940 | D:6      | Reached skill level 2 in Air Magic
   940 | D:6      | Reached skill level 2 in Earth Magic
   940 | D:6      | Reached skill level 2 in Poison Magic
  1029 | D:6      | Noticed a wyvern
  1059 | D:6      | Noticed Edmund
  1073 | D:6      | Killed Edmund
  1073 | D:6      | Reached skill level 5 in Stealth
  1073 | D:6      | Reached skill level 3 in Invocations
  1133 | D:7      | Learned a level 3 spell: Conjure Flame
  1140 | D:7      | Got a smelly leather armour
  1151 | D:7      | Identified the +3 leather armour of the Storm King {rElec rCorr Str+2} (You found it on level 7 of the Dungeon)
  1206 | D:6      | Found a burning altar of Makhleb.
  1236 | D:5      | Noticed tidbits's ghost (amateur GnWn)
  1276 | D:5      | Killed tidbits's ghost
  1276 | D:5      | Reached XP level 8. HP: 52/57 MP: 8/16
  1314 | D:5      | Reached skill level 3 in Fighting
  1314 | D:5      | Reached skill level 3 in Short Blades
  1314 | D:5      | Reached skill level 3 in Long Blades
  1314 | D:5      | Reached skill level 3 in Axes
  1314 | D:5      | Reached skill level 3 in Maces & Flails
  1314 | D:5      | Reached skill level 3 in Polearms
  1314 | D:5      | Reached skill level 3 in Staves
  1314 | D:5      | Reached skill level 3 in Slings
  1314 | D:5      | Reached skill level 3 in Bows
  1314 | D:5      | Reached skill level 3 in Crossbows
  1314 | D:5      | Reached skill level 3 in Throwing
  1314 | D:5      | Reached skill level 3 in Armour
  1314 | D:5      | Reached skill level 3 in Shields
  1314 | D:5      | Reached skill level 3 in Unarmed Combat
  1314 | D:5      | Reached skill level 3 in Evocations
  1547 | D:4      | Quit the game

Skill      XL: |  1  2  3  4  5  6  7  8 |
---------------+-------------------------+-----
Spellcasting   | 5 |  5.9
Fighting       | 1 2 3 |  3.1
Short Blades   | 1 2 3 |  3.1
Long Blades    | 1 2 3 |  3.1
Axes           | 1 2 3 |  3.1
Maces & Flails | 1 2 3 |  3.1
Polearms       | 1 2 3 |  3.1
Staves         | 1 2 3 |  3.1
Slings         | 1 2 3 |  3.1
Bows           | 1 2 3 |  3.1
Crossbows      | 1 2 3 |  3.1
Throwing       | 1 2 3 |  3.1
Armour         | 1 2 3 |  3.1
Shields        | 1 2 3 |  3.1
Unarmed Combat | 1 2 3 |  3.1
Conjurations   | 1 2 |  2.5
Hexes          | 1 2 |  2.5
Charms         | 1 2 |  2.5
Summonings     | 1 2 |  2.5
Translocations | 1 2 |  2.5
Transmutations | 1 2 |  2.5
Fire Magic     | 1 2 |  2.5
Ice Magic      | 1 2 |  2.5
Air Magic      | 1 2 |  2.5
Earth Magic    | 1 2 |  2.5
Poison Magic   | 1 2 |  2.5
Invocations    | 1 2 3 |  3.4
Evocations     | 1 2 3 |  3.1
Dodging        | 5 |  5.6
Stealth        | 5 |  5.2
Necromancy     | |  7.6

Action                   |  1- 3 |  4- 6 |  7- 9 || total
-------------------------+-------+-------+-------++-------
Melee: Short sword       |     2 |       |       ||     2
       Dagger            |     6 |    10 |    14 ||    30
       Bite              |       |     2 |     4 ||     6
       Trident           |       |       |    26 ||    26
       Flail             |       |       |     9 ||     9
 Cast: Pain              |    21 |     9 |    33 ||    63
       Vampiric Draining |       |     1 |     4 ||     5
       Conjure Flame     |       |       |     1 ||     1
       Regeneration      |       |       |     1 ||     1
Evoke: Wand              |     1 |    10 |       ||    11
  Use: Scroll            |       |     9 |     6 ||    15
       Potion            |       |       |     3 ||     3
 Stab: Sleeping          |     5 |     1 |     4 ||    10
       Paralysed         |     2 |     8 |       ||    10
  Eat: Chunk             |       |       |     2 ||     2
Armor: Robe              |     1 |     4 |    12 ||    17
       Leather armour    |       |       |     9 ||     9
Dodge: Dodged            |     8 |    10 |    41 ||    59

Table legend:
 A = Turns spent in this place as a percentage of turns spent in the entire game.
 B = Non-inter-level travel turns spent in this place as a percentage of non-inter-level travel turns spent in the entire game.
 C = Inter-level travel turns spent in this place as a percentage of turns spent in this place.
 D = Turns resting spent in this place as a percentage of non-inter-level travel turns spent in this place.
 E = Turns spent auto-exploring this place as a percentage of non-inter-level travel turns spent in this place.
 F = Non-inter-level travel turns spent in this place divided by the number of levels of this place that you've seen.
                   A       B       C       D       E      F
               +-------+-------+-------+-------+-------+----------------------
         Total | 100.0 | 100.0 |   2.3 |   0.0 |   0.0 | 216.0
       Dungeon | 100.0 | 100.0 |   2.3 |   0.0 |   0.0 | 216.0
               +-------+-------+-------+-------+-------+----------------------

Table legend:
 A = Kills in this place as a percentage of kills in entire the game.
 B = Kills by you in this place as a percentage of kills by you in the entire game.
 C = Kills by friends in this place as a percentage of kills by friends in the entire game.
 D = Other kills in this place as a percentage of other kills in the entire game.
 E = Experience gained in this place as a percentage of experience gained in the entire game.
 F = Experience gained in this place divided by the number of levels of this place that you have seen.
                   A       B       C       D       E      F
               +-------+-------+-------+-------+-------+----------------------
         Total | 100.0 | 100.0 |   N/A |   N/A | 100.0 | 227.3
       Dungeon | 100.0 | 100.0 |   N/A |   N/A | 100.0 | 227.3
               +-------+-------+-------+-------+-------+----------------------

Vault maps used:
D:1:      matt_arrival_refuge, minmay_tromino_mix6
D:2:      vehumet_crystals
D:3:      nicolae_overflow_hidden_temple, gammafunk_temple_overflow_pools,
          nicolae_gozag_cash_rules_everything_around_me
D:4:      mumra_celtic_spiral_tile, lemuel_temple_firewalk_a, first_ration,
          grunt_decor_one_mirror
D:6:      bloody_makhleb, old_standard_altar, serial_corexii_hall,
          corexii_hall_statues_i, corexii_hall_statues_i, basic_altar,
          uniq_pikel, uniq_prince_ribbit1, uniq_edmund
